 Dungeon Crawl Stone Soup version 0.28-a0-1087-gf3fc490d9d (webtiles) character file.

Game seed: 9285568793960787545

56 ducksouse the Chiller (level 3, 0/27 HPs)
             Began as a Draconian Ice Elementalist on Dec 11, 2021.
             Slain by Sigmund (5 damage)
             ... on level 2 of the Dungeon.
             The game lasted 00:12:57 (1919 turns).

ducksouse the Chiller (Draconian Ice Elementalist)  Turns: 1919, Time: 00:13:00

Health: 0/27       AC:  5    Str: 10    XL:     3   Next: 71%
Magic:  6/7        EV: 12    Int: 17    God:
Gold:   95         SH:  0    Dex: 11    Spells: 0/7 levels left

rFire   . . .      SeeInvis .   h - +0 short sword
rCold   . . .      Faith    .   (no shield)
rNeg    . . .      Spirit   .   (armour unavailable)
rPois   .          Reflect  .   (helmet restricted)
rElec   .          Harm     .   (no cloak)
rCorr   .          Rampage  .   (no gloves)
Will    .....                   (no boots)
Stlth   ++........              (no amulet)
HPRegen 0.09/turn               (no ring)
MPRegen 0.10/turn               (no ring)

@: attractive
A: AC +5, unfitting armour, cold-blooded
a: no special abilities


You were on level 2 of the Dungeon.
You visited 1 branch of the dungeon, and saw 2 of its levels.

You collected 95 gold pieces.

Inventory:

Hand Weapons
 h - a +0 short sword (weapon)
 j - a +1 spear of venom
Missiles
 d - 54 stones
Armour
 c - a +1 ring mail
Scrolls
 b - a scroll of vulnerability {unknown}
 f - a scroll of noise {unknown}
 i - 2 scrolls of identify {unknown}
Potions
 l - a potion of magic {unknown}
 m - a potion of might {unknown}


   Skills:
 + Level 0.3 Fighting
 + Level 2.1 Dodging
 + Level 1.8 Stealth
 + Level 2.7 Spellcasting
 + Level 4.6 Ice Magic


You couldn't memorise any spells.
You knew the following spells:

 Your Spells              Type           Power      Damage    Failure   Level
a - Freeze                Ice            72%        1d9       2%          1
b - Frozen Ramparts       Ice            36%        1d5       8%          3
c - Ozocubu's Armour      Ice            18%        N/A       8%          3

Your spell library contained the following spells:

 Spells                   Type           Power      Damage    Failure   Level
 Hailstorm                Conj/Ice       10%        3d5       56%         4


Dungeon Overview and Level Annotations

Branches:
Dungeon (2/15)

Altars:

Annotations:
D:2 Sigmund


Innate Abilities, Weirdness & Mutations

Your plain brown scales are hard. (AC +5)
You cannot fit into any form of body armour.
You are cold-blooded and may be slowed by cold attacks.


Message History

Sigmund barely misses you.
Found a pair of gloves.
There is an open door here.
A hobgoblin comes into view.
As you read the scroll labelled NUPNUY LIGIPRE, it crumbles to dust.
It is a scroll of enchant armour.
Your +0 ring mail glows green for a moment.
As you read the scroll labelled QINILL UNLONAJ, it crumbles to dust.
The scroll dissolves into smoke.
It was a scroll of fog.
Sigmund closely misses you.
Sigmund mumbles some strange words.
Sigmund flickers and vanishes!
Deactivating autopickup; reactivate with Ctrl-A.
Something barely misses you.
You are too injured to fight recklessly!
It was a potion of attraction.
You feel attractive to monsters. The hobgoblin closely misses you.
Something is attracted toward you. Something completely misses you.
The hobgoblin hits you.
* * * LOW HITPOINT WARNING * * *
Something is attracted toward you.
It was a potion of heal wounds.
You feel much better. The hobgoblin hits you. Something hits you!
Something is attracted toward you. Something hits you!
* * * LOW HITPOINT WARNING * * *
Something is attracted toward you.
There is an open door here.
You are too injured to fight recklessly!
You are too injured to fight recklessly!
Casting: Freeze (safe; 2% risk of failure)
Confirm with . or Enter, or press ? or * to list all spells.
Aiming: Freeze (safe; 2% risk of failure)
Press: ? - help, Shift-Dir - straight line, f - hobgoblin
Aim: a hobgoblin You freeze the hobgoblin.
The hobgoblin is moderately wounded.
The hobgoblin hits you but does no damage.
Something hits you.
You die...

.#.# .#.# # .#.# .#
...# #'## .###
##...## .#
##.....## .# #
##.......##
.#######
#...####......[..#
........
.......@g......§.+
.#######
....####...§...§.#
.# # ##§§.§§§.# ##
#########§.§§.#
..#...###§§§##
#.#...# ##§##
##.#...####.#
#.##.........#.####
#.................#


You could see a hobgoblin.

Vanquished Creatures
  An adder (D:2)
  2 dart slugs
  2 ball pythons (D:1)
  5 bats (D:1)
  2 endoplasms (D:1)
  3 giant cockroaches
  4 goblins
  4 hobgoblins
  4 jackals (D:1)
  A quokka (D:1)
  2 frilled lizards (D:1)
  4 kobolds
  4 rats
38 creatures vanquished.

Notes
Turn   | Place    | Note
-------+----------+-------------------------------------------
     0 | D:1      | ducksouse the Draconian Ice Elementalist began the quest
                  | for the Orb.
     0 | D:1      | Reached XP level 1. HP: 14/14 MP: 3/3
   278 | D:1      | Reached XP level 2. HP: 20/20 MP: 3/5
   828 | D:1      | Reached XP level 3. HP: 23/26 MP: 0/6
  1266 | D:1      | Learned a level 3 spell: Frozen Ramparts
  1270 | D:1      | Learned a level 3 spell: Ozocubu's Armour
  1373 | D:2      | Found a faded altar of an unknown god.
  1886 | D:2      | Noticed Sigmund
  1919 | D:2      | Slain by Sigmund

Illustrated notes

Levels and vault maps discovered:
D:1:      minmay_arrival_semitransparent, layout_loops_ring, nrook_loot_triangle
D:2:      layout_loops_corners, nicolae_ecumenical_lake_church, uniq_sigmund

Skill      XL: |  1  2 |
---------------+-------+-----
Dodging        | 2 |  2.1
Fighting       | |  0.3
Stealth        | |  1.8
Spellcasting   | |  2.7
Ice Magic      | |  4.6

Action                   || total
-------------------------++-------
Melee: Unarmed           ||     1
       Short sword       ||    16
       Tailslap          ||     2
Throw: Stone             ||     1
 Cast: Freeze            ||    56
       Ozocubu's Armour  ||     1
       Frozen Ramparts   ||     1
  Use: Scroll            ||     2
       Potion            ||     2
Armor: Skin              ||    46
Dodge: Dodged            ||    70

Table legend: (Time is in decaauts)
 A = Elapsed time spent in this place.
 B = Non-inter-level travel time spent in this place.
 C = Inter-level travel time spent in this place.
 D = Time resting spent in this place.
 E = Time spent auto-exploring this place.
 F = Levels seen in this place.
 G = Mean time per level.
                   A        B        C        D        E       F      G
               +--------+--------+--------+--------+--------+-----+--------+
         Total |   1925 |   1925 |      0 |    282 |    254 |   2 |  962.5 |
       Dungeon |   1925 |   1925 |      0 |    282 |    254 |   2 |  962.5 |
               +--------+--------+--------+--------+--------+-----+--------+

Top non-repeatable levels by time:
     D:1: 1292 daAuts
     D:2: 632 daAuts
